 Dungeon Crawl Stone Soup version 0.24.0-13-gcf9b3192b9 (webtiles) character file.

Game seed: 12672510941401741446, levelgen mode: deterministic

13 sking99 the Digger (level 2, 13/14 HPs)
             Began as a Vine Stalker Earth Elementalist on Nov 8, 2019.
             Quit the game on level 1 of the Dungeon.
             The game lasted 00:00:56 (485 turns).

sking99 the Digger (Vine Stalker Earth Elementalist) Turns: 485, Time: 00:00:57

Health: 13/14      AC:  2    Str: 10    XL:     2   Next: 37%
Magic:  6/6        EV: 12    Int: 15    God:
Gold:   18         SH:  0    Dex: 14    Spells: 4/5 levels left

rFire    . . .     SeeInvis .   (no weapon)
rCold    . . .     Gourm    .   (no shield)
rNeg     . . .     Faith    .   c - +0 robe
rPois    .         Spirit   +   (no helmet)
rElec    .         Reflect  .   (no cloak)
rCorr    .         Harm     .   (no gloves)
MR       .....                  (no boots)
Stlth    ++........             (no amulet)
HPRegen  0.04/turn              (no ring)
MPRegen  0.10/turn              (no ring)

@: no status effects
A: fangs 2, magic shield, antimagic bite, no potion heal 3, rot immunity
a: no special abilities


You were on level 1 of the Dungeon.
You were not hungry.

You visited 1 branch of the dungeon, and saw 1 of its levels.

You collected 18 gold pieces.

Inventory:

Missiles
 b - 18 stones (quivered)
Armour
 c - a +0 robe (worn)
Scrolls
 e - a scroll of enchant weapon {unknown}
 f - a scroll of magic mapping {unknown}
 g - a scroll of identify {unknown}
Comestibles
 a - 5 chunks of flesh
 d - 2 rations


   Skills:
 + Level 0.6 Fighting
 - Level 1.5 Dodging
 - Level 2.4 Stealth
 + Level 2.4 Spellcasting
   Level 1.0 Transmutations
 * Level 3.3 Earth Magic


You had 4 spell levels left.
You knew the following spells:

 Your Spells              Type           Power        Failure   Level  Hunger
a - Sandblast             Erth           ##....       5%          1    #......

Your spell library contained the following spells:

 Spells                   Type           Power        Failure   Level  Hunger
 Passwall                 Tmut/Erth      #.......     13%         2    ###....
 Stone Arrow              Conj/Erth      #.....       32%         3    ###....
 Petrify                  Tmut/Erth      #.......     65%         4    #####..
 Lee's Rapid Deconstruct  Erth           ##........   82%         5    ######.


Dungeon Overview and Level Annotations

Branches:
Dungeon (1/15)

Altars:


Innate Abilities, Weirdness & Mutations

You have extremely sharp teeth.
When hurt, damage is shared between your health and your magic reserves.
Your bite disrupts and absorbs the magic of your enemies.
Potions cannot restore your health.
You are immune to rotting.


Message History

You start resting.
Magic restored.
You see here a kobold corpse.
Found a stone staircase leading down.
A frilled lizard and a kobold come into view.
The kobold shouts!
The kobold throws a stone.
The stone hits you.
Found 13 stones.
You see here a stone.
Casting: Sandblast (safe; 5% risk of failure)
Confirm with . or Enter, or press ? or * to list all spells.
You can't see any susceptible monsters within range! (Use Z to cast anyway.) Unknown command.
The kobold throws a stone.
The stone barely misses you.
You see here a stone.
Casting: Sandblast (safe; 5% risk of failure)
Confirm with . or Enter, or press ? or * to list all spells.
You can't see any susceptible monsters within range! (Use Z to cast anyway.) Unknown command.
Are you sure you want to abandon this character and quit the game? (Confirm with "yes".)

.# #......# ###.#.##.# .#
#..##### ##.....## #...##.# .#
#..#.## ##......(## #..###.#
.###.....## #.......K.####......#
............+...l.....+.......###
####.....####.........####....#
###..## #.......# ##.#.#
.########.....# ###.#
..........@..# #.# ..#######(#+##
#.# .# #.#.# #.# #####.#.### #.#
#.........## #.#
#.###......########.#
##.>.......†.....#
.........########## #####.####


You could see a kobold and a frilled lizard (wandering).

Vanquished Creatures
  2 dart slugs (D:1)
  A bat (D:1)
  A giant cockroach (D:1)
  A hobgoblin (D:1)
  A kobold (D:1)
  A ball python (D:1)
  A goblin (D:1)
  A rat (D:1)
9 creatures vanquished.

Notes
Turn   | Place    | Note
-------+----------+-------------------------------------------
     0 | D:1      | sking99 the Vine Stalker Earth Elementalist began the quest
                  | for the Orb.
     0 | D:1      | Reached XP level 1. HP: 9/9 MP: 4/4
   153 | D:1      | Reached XP level 2. HP: 7/14 MP: 1/6
   485 | D:1      | Quit the game

Levels and vault maps discovered:
D:1:      wander_arrival_peaceful_grave, layout_loops_corners, feat_on_display

Action                   || total
-------------------------++-------
 Cast: Sandblast         ||    12
Armor: Robe              ||     1
Dodge: Dodged            ||     3
